 Dungeon Crawl Stone Soup version 0.30-a0-187-gd9c2deaf24 (webtiles) character file.

Game seed: 6227715572205059668

67 IdlyInterested the Caller (level 4, -5/34 HPs)
             Began as a Demonspawn Wanderer on Oct 3, 2022.
             Slain by Sigmund
             ... wielding a +0 scythe
              (7 damage)
             ... on level 2 of the Dungeon.
             The game lasted 00:07:51 (1238 turns).

IdlyInterested the Caller (Demonspawn Wanderer)     Turns: 1238, Time: 00:07:51

Health: -5/34      AC:  7    Str: 15    XL:     4   Next: 0%
Magic:  7/7        EV:  9    Int: 13    God:
Gold:   38         SH:  0    Dex: 12    Spells: 6/7 levels left

rFire   . . .      SeeInvis .    a - +0 spear
rCold   . . .      Faith    .    (no shield)
rNeg    . . .      Spirit   .    b - +0 scale mail
rPois   .          Reflect  .    p - +0 helmet
rElec   .          Harm     .    (no cloak)
rCorr   .          Rampage  .    (no gloves)
Will    .....                    (no boots)
Stlth   ..........               (no amulet)
HPRegen 0.25/turn                (no ring)
MPRegen 0.10/turn                (no ring)

@: no status effects
A: claws 2
a: no special abilities


You were on level 2 of the Dungeon.
You visited 1 branch of the dungeon, and saw 2 of its levels.

You collected 38 gold pieces.

Inventory:

Hand Weapons
 a - a +0 spear (weapon)
 e - a +2 short sword of venom
Missiles
 n - 3 javelins (quivered)
Armour
 b - a +0 scale mail (worn)
 k - a +0 robe
 m - a +0 leather armour
 p - a +0 helmet (worn)
Scrolls
 c - 2 scrolls of fog
 h - a scroll of identify
Potions
 f - a potion of haste
 i - a potion of mutation {unknown}
 o - a potion of degeneration {unknown}
 q - a potion of invisibility {unknown}


   Skills:
 * Level 2.4 Fighting
 + Level 1.4 Polearms
 + Level 1.2 Armour
 - Level 2.0 Dodging
 - Level 2.0 Spellcasting
 * Level 3.8 Summonings


You had 6 spell levels left.
You knew the following spells:

 Your Spells              Type           Power      Damage    Failure   Level
a - Summon Small Mammal   Summ           44%        N/A       22%         1

Your spell library contained the following spells:

 Spells                   Type           Power      Damage    Failure   Level
 Call Canine Familiar     Summ           11%        N/A       54%         3
 Sting                    Tmut/Pois      4%         1d3       71%         1
 Summon Guardian Golem    Hex/Summ       6%         N/A       80%         3
 Poisonous Vapours        Pois/Air       2%         N/A       83%         2
 Olgreb's Toxic Radiance  Pois           1%         N/A       100%        4


Dungeon Overview and Level Annotations

Branches:
Dungeon (2/15)

Altars:

Annotations:
D:2 Sigmund


Innate Abilities, Weirdness & Mutations

You have very sharp fingernails.


Message History

Sigmund is lightly wounded.
Sigmund barely misses you.
You closely miss Sigmund.
Sigmund is lightly wounded.
You hit Sigmund.
Sigmund is moderately wounded.
Sigmund barely misses you.
You hit Sigmund but do no damage.
Sigmund is moderately wounded.
Sigmund barely misses you.
You hit Sigmund.
Sigmund is moderately wounded.
Sigmund gestures at you while chanting. The puff of flame hits you.
You hit Sigmund.
Sigmund is moderately wounded.
Sigmund hits you with a +0 scythe.
You completely miss Sigmund.
Sigmund is moderately wounded.
You hit Sigmund.
Sigmund is heavily wounded.
Sigmund hits you with a +0 scythe.
You completely miss Sigmund. You claw Sigmund.
Sigmund is heavily wounded.
Sigmund hits you but does no damage.
You closely miss Sigmund.
Sigmund is heavily wounded.
You hit Sigmund.
Sigmund is severely wounded.
Sigmund mumbles some strange words.
Sigmund flickers and vanishes!
Deactivating autopickup; reactivate with Ctrl-A.
You closely miss something. Something hits you.
You closely miss something. You claw something. Something hits you!
* * * LOW HITPOINT WARNING * * *
It was a potion of curing.
You feel better.
You hit something but do no damage. Something hits you!
* * * LOW HITPOINT WARNING * * *
It was a potion of cancellation.
You feel magically purged. Something hits you!
You die...

*,**,*
#....#...........#..#
*,,,,*
#....###.#...........
****** #....#
#.#..####.#... #..).#
#.#†.#.†.....# #...(#
#.#....†#.#..# ####.#
#.#.....#.#... #.#
#.#.....#.#.##
#.#*#.##...##.#..,
#@#,,,,#...##.###*
#{#,***#...##.#
#.#,***#...##.#***
#.#,,,,....##..,,,
#.#,,,,,,,,,...,**
#.#,**##.#,**,#.#
#.#,*,,...,**,#.##
#.#,*,##..,**,#...
*,*,*,#...,,,,#...


There were no monsters in sight!

Vanquished Creatures
  Robin (D:2)
  A dart slug (D:1)
  4 ball pythons (D:1)
  2 bats
  5 endoplasms
  3 giant cockroaches (D:1)
  10 goblins
  7 hobgoblins
  5 jackals (D:1)
  A kobold (D:2)
  A quokka (D:1)
  A frilled lizard (D:1)
  A rat (D:2)
42 creatures vanquished.

Vanquished Creatures (collateral kills)
  An endoplasm (D:1)
1 creature vanquished.

Grand Total: 43 creatures vanquished

Notes
Turn   | Place    | Note
-------+----------+-------------------------------------------
     0 | D:1      | IdlyInterested the Demonspawn Wanderer began the quest for
                  | the Orb.
     0 | D:1      | IdlyInterested set off with the following items: a +0
                  | spear, a +0 scale mail, a scroll of fog; and the following
                  | spell memorised: Summon Small Mammal; and the following
                  | spells available to memorise: Call Canine Familiar, Summon
                  | Guardian Golem.
     0 | D:1      | Reached XP level 1. HP: 15/15 MP: 3/3
   133 | D:1      | Discovered your monstrous ancestry.
   133 | D:1      | Gained mutation: You have sharp fingernails. [demonic
                  | ancestry]
   133 | D:1      | Reached XP level 2. HP: 21/21 MP: 3/5
   569 | D:1      | Gained mutation: You have very sharp fingernails. [demonic
                  | ancestry]
   569 | D:1      | Reached XP level 3. HP: 22/27 MP: 6/6
   846 | D:2      | Noticed Robin
   850 | D:2      | Killed Robin
  1207 | D:2      | Reached XP level 4. HP: 34/34 MP: 7/7
  1218 | D:2      | Noticed Sigmund
  1238 | D:2      | Slain by Sigmund

Illustrated notes

Levels and vault maps discovered:
D:1:      mushboom_english_gardens, layout_basic
D:2:      layout_basic, basic_ecumenical_altar, uniq_sigmund, uniq_jessica,
          uniq_robin, uniq_crazy_yiuf_cottage

Skill      XL: |  1  2 |
---------------+-------+-----
Dodging        | 2 |  2.0
Fighting       | 2 |  2.4
Polearms       | |  1.4
Armour         | |  1.2
Spellcasting   | |  2.0
Summonings     | |  3.8

Action                   |  1- 3 |  4- 6 || total
-------------------------+-------+-------++-------
Melee: Spear             |   154 |    14 ||   168
       Punch             |     1 |     2 ||     3
Throw: Stone             |     7 |       ||     7
       Javelin           |     5 |       ||     5
 Cast: Summon Small Mamm |     6 |       ||     6
  Use: Scroll            |     3 |       ||     3
       Potion            |       |     2 ||     2
Armor: Scale mail        |    79 |     1 ||    80
Dodge: Dodged            |    78 |     3 ||    81

Table legend: (Time is in decaauts)
 A = Elapsed time spent in this place.
 B = Non-inter-level travel time spent in this place.
 C = Inter-level travel time spent in this place.
 D = Time resting spent in this place.
 E = Time spent auto-exploring this place.
 F = Levels seen in this place.
 G = Mean time per level.
                   A        B        C        D        E       F      G
               +--------+--------+--------+--------+--------+-----+--------+
         Total |   1249 |   1106 |    143 |    154 |    476 |   2 |  624.5 |
       Dungeon |   1249 |   1106 |    143 |    154 |    476 |   2 |  624.5 |
               +--------+--------+--------+--------+--------+-----+--------+

Top non-repeatable levels by time:
     D:1: 953 daAuts
     D:2: 296 daAuts
